 Dungeon Crawl Stone Soup version 0.15.0-23-gc2b521c (webtiles) character file.

129 Firebatgyro the Slasher (level 4, -2/31 HPs)
             Began as a High Elf Chaos Knight on Sept 9, 2014.
             Was a Plaything of Xom.
             Killed from afar by an orc wizard (10 damage)
             ... with a magic dart
             ... on Level 4 of the Dungeon.
             The game lasted 00:05:30 (1636 turns).

Firebatgyro the Slasher (High Elf Chaos Knight)     Turns: 1636, Time: 00:05:30

HP  -2/31        AC  6     Str 15 (16) XL: 4   Next: 88%
MP   7/7         EV 10     Int 15 (16) God: Xom
Gold 91          SH  3     Dex 15      Spells:  0 memorised,  3 levels left

rFire  . . .     SeeInvis .     p - +0 falchion (chaos)
rCold  . . .     Clarity  +     b - +2 leather armour
rNeg   . . .     rCorr    .     o - +0 buckler
rPois  .         rRot     .     k - +0 helmet
rElec  .         Spirit   .     (no cloak)
SustAb .         Warding  .     (no gloves)
rMut   .         Stasis   .     (no boots)
Gourm  .                        f - amulet of clarity
MR     .....                    (no ring)
                                (no ring)

@: mighty, slowed, drained, very slow, not resistant to hostile enchantments,
very unstealthy
A: no striking features
a: Renounce Religion


You were on level 4 of the Dungeon.
You worshipped Xom.
You were a very special plaything of Xom.
You were hungry.

You visited 1 branch of the dungeon, and saw 4 of its levels.

You collected 91 gold pieces.

Inventory:

Hand weapons
 p - a +0 falchion of chaos (weapon)
Missiles
 r - 8 poisoned needles
Armour
 b - a +2 leather armour (worn)
 k - a +0 helmet (worn)
 o - a +0 buckler (worn)
Magical devices
 m - a wand of digging (12)
Comestibles
 c - 2 bread rations
 g - a rotting chunk of goblin flesh
 h - a slice of pizza
 l - a meat ration
Scrolls
 e - 2 scrolls of remove curse
 i - 4 scrolls of identify
Jewellery
 d - an uncursed amulet of warding
 f - an amulet of clarity (around neck)
Potions
 a - a potion of might
 j - a potion of cancellation


   Skills:
 + Level 3.3(2.9) Fighting
 + Level 6.5(6.0) Long Blades
 - Level 0.8(0.4) Armour
 - Level 2.1(1.7) Dodging


You had 3 spell levels left.
You didn't know any spells.

Dungeon Overview and Level Annotations

Branches:
Dungeon (4/15)
 Temple: D:4-7

Altars:

Annotations:
D:2 Crazy Yiuf
D:3 dongtrain's ghost, average DsMo


Message History

Unknown command.
Your shield and leather armour prevent you from hitting something.
You hear some strange, mumbled words.
The magic dart hits you! Something hits you but does no damage.
You block the orc's attack.
Drink which item? (? for menu, Esc to quit)
You feel very mighty all of a sudden. Something hits you but does no damage.
You hear some strange, mumbled words.
The magic dart hits you!
* * * LOW HITPOINT WARNING * * *
The orc closely misses you. You block the orc's attack.
The smell of rotting flesh makes you sick. (slot g)
You barely miss something.
You hear some strange, mumbled words.
The magic dart hits you! The orc hits you but does no damage.
The orc barely misses you.
You hear some strange, mumbled words.
The magic dart hits you!
You die...

........#.##..........#.
......#..>#.....%........
.....#......#..<.%......#
........#..###..........#
###.#.....<......... .
#.#.####..........
..<)###o....##..........
....l.o..................
.##....ยง....o..o@..####.
...o.........o.o.........
..o................##...
..................## .
................##
.#...........###
##.......... ### #####


You could see 4 orcs.

Vanquished Creatures
  A hound (D:4)
  An iron imp (D:3)
  3 adders
  A green rat (D:4)
  A shadow imp (D:1)
  A giant mite (D:3)
  2 worms
  An orc (D:3)
  A giant cockroach (D:1)
  4 goblins
  6 hobgoblins
  5 jackals
  5 kobolds
  A quokka (D:2)
  4 bats
  3 giant geckos
  A giant gecko skeleton (D:4)
  3 giant newts
  4 rats (D:1)
  A rat skeleton (D:4)
49 creatures vanquished.

Vanquished Creatures (others)
  2 kobolds
2 creatures vanquished.

Grand Total: 51 creatures vanquished

Notes
Turn   | Place    | Note
--------------------------------------------------------------
     0 | D:1      | Firebatgyro, the High Elf Chaos Knight, began the quest for the Orb.
     0 | D:1      | Reached XP level 1. HP: 16/16 MP: 2/2
     1 | D:1      | Noticed a formicid zombie
     3 | D:1      | Noticed a centaur zombie
     6 | D:1      | Noticed a minotaur zombie
    12 | D:1      | Noticed an elf zombie
    16 | D:1      | Noticed a spriggan zombie
    18 | D:1      | Noticed a formicid zombie
   100 | D:1      | Reached skill level 4 in Long Blades
   173 | D:1      | Reached XP level 2. HP: 18/21 MP: 3/3
   280 | D:1      | XOM: mild Conj miscast
   357 | D:1      | XOM: summons 1 hostile demon
   520 | D:2      | XOM: swap weapons
   521 | D:2      | Reached XP level 3. HP: 21/26 MP: 5/5
   565 | D:2      | XOM: god gift: glowing brown potion
   662 | D:2      | Reached skill level 5 in Long Blades
   669 | D:2      | XOM: draining
   944 | D:2      | Noticed Crazy Yiuf
  1037 | D:3      | Reached XP level 4. HP: 19/31 MP: 7/7
  1107 | D:3      | XOM: mild Summ miscast
  1360 | D:3      | Noticed dongtrain's ghost (average DsMo)
  1387 | D:3      | XOM: noise
  1394 | D:3      | XOM: noise
  1398 | D:3      | XOM: enchant monster (bad)
  1400 | D:3      | XOM: summons 2 hostile shadow creatures
  1404 | D:3      | XOM: stat loss: -1 Int (15/16)
  1465 | D:4      | Reached skill level 6 in Long Blades
  1630 | D:4      | XOM: 1-stop teleportation journey
  1632 | D:4      | XOM: enchant monster (bad)
  1636 | D:4      | Killed from afar by an orc wizard

Action                   |  1- 3 |  4- 6 || total
-------------------------+-------+-------++-------
Melee: Falchion          |   104 |    72 ||   176
       Club              |     5 |       ||     5
Evoke: Wand              |       |     1 ||     1
  Use: Potion            |     6 |     2 ||     8
       Scroll            |       |     3 ||     3
 Stab: Paralysed         |     1 |     1 ||     2
       Petrifying        |     2 |       ||     2
  Eat: Chunk             |       |     2 ||     2
